Map: Ruins of Seras

Players

Schnitzel

  • Race: Terran Terran
  • League: Master

Jamileon - Winner!

  • Race: Protoss Protoss
  • League: Master

VOD

Have the link to the VOD?

Description

Time

  • Played on: March 17, 2016, 12:34 a.m.
  • Length: 13:32
Show
View Real Time Build Order
Export as new Build Order

Schnitzel Terran 

Build Orders: MMM Bio 

Get SALT Encoding   

  12  0:00  SCV  
  13  0:13  SCV  
  14  0:19  Supply Depot  
  14  0:25  SCV  
  15  0:41  SCV  
  16  0:46  Barracks  
  16  0:53  SCV  
  17  1:05  SCV  
  18  1:19  SCV  
  19  1:25  Command Center  
  20  1:34  Orbital Command, Marine  
  20  1:48  Barracks  
  20  1:54  Marine  
  21  2:00  SCV  
  22  2:05  Supply Depot  
  22  2:06  Refinery  
  22  2:12  SCV  
  23  2:17  Engineering Bay  
  23  2:26  Marine, SCV  
  25  2:36  Marine, Supply Depot  
  26  2:39  Orbital Command  
  26  2:40  SCV  
  27  2:49  Marine  
  28  2:53  SCV  
  28  2:57  Marine  
  30  3:05  SCV  
  31  3:06  SCV  
  31  3:11  Missile Turret x2  
  32  3:14  Barracks Tech Lab  
  32  3:16  Barracks Reactor  
  32  3:17  SCV  
  32  3:18  SCV  
  34  3:29  SCV  
  34  3:33  Marine  
  37  3:34  SCV  
  37  3:36  Terran Infantry Weapons Level 1  
  38  3:41  SCV  
  38  3:46  SCV  
  39  3:50  Command Center  
  39  3:53  SCV  
  39  3:54  Marine x2  
  42  3:57  Marine  
  42  3:58  SCV  
  44  4:05  SCV  
  45  4:10  SCV, Supply Depot  
  45  4:14  Stimpack  
  45  4:17  Refinery, Marine, SCV  
  46  4:18  Refinery, Marine  
  46  4:20  Marine  
  48  4:35  Marine  
  48  4:36  Marine  
  48  4:38  Marine  
  48  4:41  SCV x2  
  50  4:53  Factory, Marine, SCV x2  
  50  4:54  Marine  
  50  4:56  Marine  
  55  5:02  Orbital Command  
  55  5:04  Supply Depot  
  55  5:05  SCV x2  
  57  5:10  Marine  
  57  5:12  Marine  
  59  5:20  SCV x2  
  60  5:23  Marine  
  60  5:24  Refinery  
  61  5:28  Marine  
  61  5:30  SCV  
  61  5:31  Supply Depot  
  61  5:32  Terran Infantry Armor Level 1, SCV x2  
  65  5:37  Marine  
  65  5:41  Marine  
  65  5:42  SCV  
  68  5:44  SCV x2  
  68  5:47  Starport, Factory Reactor  
  70  5:53  Marine  
  70  5:54  SCV  
  70  5:55  Marine  
  70  5:56  SCV  
  70  5:57  SCV, Supply Depot  
  75  6:06  SCV  
  75  6:07  Armory, Engineering Bay  
  75  6:08  Marine, SCV  
  75  6:11  Marine  
  79  6:13  Orbital Command, SCV  
  79  6:15  Combat Shields  
  81  6:21  SCV  
  82  6:25  SCV  
  82  6:27  Missile Turret  
  82  6:33  Marine x3, SCV, Barracks  
  82  6:34  Barracks  
  82  6:35  Factory Reactor, Medivac  
  82  6:36  Medivac, Barracks  
  90  6:41  SCV x2  
  92  6:48  SCV  
  92  6:50  Marine  
  92  6:51  Marine x2  
  92  6:53  Supply Depot  
  96  6:58  SCV x2  
  98  7:05  Medivac, SCV  
  98  7:06  Terran Infantry Weapons Level 2  
  101  7:13  Supply Depot x2  
  101  7:14  Medivac, Marine x2, SCV x2  
  107  7:17  Widow Mine  
  109  7:26  Barracks Tech Lab x2  
  109  7:27  Barracks Tech Lab  
  109  7:34  Supply Depot, Widow Mine, SCV x3  
  109  7:36  Supply Depot x2  
  114  7:37  Supply Depot  
  114  7:38  Marine x2, Terran Infantry Armor Level 2  
  114  7:42  Concussive Shells  
  116  7:44  Medivac x2  
  116  7:46  SCV  
  122  7:51  SCV x2  
  122  7:52  Refinery  
  122  7:53  Refinery  
  122  7:55  Marine, Supply Depot  
  122  7:56  Marine  
  122  7:58  Marine x2, Supply Depot  
  126  7:59  Marine  
  128  8:09  Liberator x2  
  128  8:20  Marine x3, Marauder  
  128  8:21  Marauder x2  
  143  8:33  Widow Mine x2  
  145  8:37  Starport  
  145  8:38  Marine x2  
  145  8:40  Supply Depot x2  
  148  8:43  Marine x2, Marauder  
  148  8:44  Marine  
  148  8:48  Command Center  
  139  9:19  Marine  
  139  9:20  Starport Reactor, Marauder x2  
  139  9:24  Liberator x2  
  144  9:29  Marine x2, Marauder  
  135  9:37  Marine  
  133  9:40  SCV  
  133  9:41  Starport, Marauder x2  
  144  9:46  Terran Infantry Weapons Level 3, Terran Ship Weapons Level 1  
  144  9:47  Marine, Marauder  
  144  9:50  Marine  
  148  9:53  Widow Mine x2  
  148  9:55  Marine  
  153  10:02  Marine, Marauder  
  153  10:03  Barracks x2  
  153  10:04  Marine, Viking x2  
  153  10:05  Barracks  
  155  10:09  Marauder x2  
  155  10:13  Marine  
  160  10:20  Viking, Marauder  
  164  10:22  Marine  
  164  10:24  Viking, Marauder  
  164  10:27  Planetary Fortress  
  169  10:30  Sensor Tower, Marine x2, Marauder  
  169  10:31  Viking  
  174  10:37  Terran Infantry Armor Level 3  
  174  10:41  Liberator  
  174  10:42  Marauder  
  176  10:45  Marauder  
  161  10:53  Liberator, Viking x2  
  160  10:58  Viking  
  160  10:59  Marine x2  
  160  11:00  Marauder x2  
  170  11:13  Marine x2  
  170  11:14  Marine x3  
  170  11:18  Refinery x2  
  175  11:20  Liberator  
  175  11:21  Missile Turret  
  175  11:23  Medivac x2  
  179  11:28  Marine  
  179  11:29  Marine x2  
  185  11:57  Viking x2  
  185  11:58  Marine x2  
  185  11:59  Marauder x2  
  185  12:00  Viking  
  185  12:01  Viking  
  179  12:02  Liberator  
  179  12:05  Marine x2  
  179  12:06  Marauder x2  
  179  12:07  SCV x2  
  184  12:20  Liberator  
  153  12:26  Marine x5, Marauder x2  
  153  12:27  Marauder x2  
  153  12:28  Viking x2  
  128  12:30  Viking  
  122  12:44  Marine x2  
  125  12:45  Marine x2  
  125  12:48  Marine, Marauder x2  
  125  12:49  Marauder x2  
  135  13:01  Marine  
  135  13:02  Marine  
  135  13:03  Marine x2  
  122  13:06  Marine  
  122  13:09  Marauder x2  
Show
View Real Time Build Order
Export as new Build Order

Jamileon Protoss - Winner!

Build Orders: 1 Gate Expand, Oracle Opening, Phoenix Opening 

Get SALT Encoding   

  12  0:01  Probe (Chrono Boost)  
  13  0:11  Probe (Chrono Boost)  
  14  0:19  Pylon  
  14  0:22  Probe (Chrono Boost)  
  15  0:37  Probe (Chrono Boost), Gateway  
  16  0:45  Assimilator  
  16  0:48  Probe (Chrono Boost)  
  17  0:58  Probe (Chrono Boost)  
  18  1:09  Probe (Chrono Boost)  
  19  1:24  Nexus  
  19  1:27  Probe (Chrono Boost)  
  20  1:36  Cybernetics Core  
  20  1:40  Probe (Chrono Boost)  
  20  1:44  Assimilator  
  21  1:51  Probe (Chrono Boost)  
  22  1:55  Pylon  
  22  2:02  Probe (Chrono Boost)  
  23  2:13  Probe (Chrono Boost)  
  24  2:18  Adept (Chrono Boost)  
  24  2:19  Stargate  
  26  2:25  Probe  
  27  2:36  Probe (Chrono Boost)  
  28  2:37  Probe (Chrono Boost)  
  28  2:42  Adept  
  31  2:48  Probe x2 (Chrono Boost)  
  33  2:52  Warp Gate  
  33  2:57  Probe (Chrono Boost)  
  34  2:59  Probe (Chrono Boost)  
  34  3:03  Oracle (Chrono Boost)  
  38  3:07  Probe  
  38  3:11  Probe  
  42  3:12  Adept  
  42  3:17  Probe  
  43  3:23  Pylon, Probe  
  44  3:28  Probe  
  45  3:35  Probe  
  45  3:39  Probe  
  47  3:44  Phoenix (Chrono Boost)  
  47  3:47  Probe  
  50  3:50  Probe  
  50  3:53  Nexus  
  51  3:58  Adept  
  53  4:03  Pylon  
  53  4:09  Probe  
  53  4:14  Assimilator  
  54  4:18  Assimilator  
  54  4:20  Probe  
  54  4:21  Phoenix (Chrono Boost), Mothership Core  
  59  4:30  Probe  
  60  4:41  Probe  
  60  4:42  Probe  
  62  4:51  Twilight Council  
  62  4:55  Gateway  
  62  4:56  Gateway  
  62  4:59  Pylon  
  62  5:03  Probe  
  62  5:04  Probe  
  62  5:05  Phoenix (Chrono Boost)  
  62  5:06  Pylon  
  66  5:07  Robotics Facility  
  66  5:13  Probe  
  66  5:18  Probe  
  66  5:19  Adept  
  66  5:20  Probe  
  70  5:27  Phoenix (Chrono Boost)  
  71  5:29  Probe  
  71  5:30  Probe  
  71  5:32  Resonating Glaives (Chrono Boost)  
  71  5:34  Probe  
  76  5:37  Pylon  
  76  5:39  Pylon  
  76  5:40  Probe  
  77  5:43  Probe  
  77  5:46  Pylon  
  77  5:47  Probe  
  79  5:50  Probe  
  79  5:53  Adept x3  
  79  5:55  Phoenix  
  79  5:56  Probe  
  88  5:57  Observer  
  88  6:02  Probe  
  91  6:04  Assimilator x2  
  91  6:09  Robotics Bay  
  91  6:10  Probe  
  92  6:12  Robotics Facility  
  92  6:15  Adept x2  
  96  6:19  Adept  
  96  6:20  Probe  
  96  6:21  Probe  
  96  6:23  Phoenix  
  100  6:28  Probe  
  100  6:30  Probe  
  100  6:31  Pylon  
  104  6:41  Probe x2  
  104  6:42  Probe  
  104  6:44  Pylon  
  107  6:47  Gateway  
  107  6:48  Pylon, Gateway  
  107  6:51  Phoenix, Probe  
  107  6:54  Probe  
  111  7:02  Colossus x2 (Chrono Boost)  
  111  7:08  Extended Thermal Lance  
  123  7:17  Phoenix  
  123  7:19  Pylon  
  125  7:27  Pylon  
  125  7:32  Forge  
  125  7:33  Pylon, Adept x3  
  125  7:34  Forge  
  131  7:47  Probe x2  
  131  7:50  Colossus x2 (Chrono Boost)  
  142  7:54  Nexus  
  140  8:08  Protoss Ground Weapons Level 1, Fleet Beacon  
  140  8:09  Protoss Ground Armor Level 1  
  140  8:10  Zealot x3  
  140  8:12  Phoenix  
  148  8:24  Pylon  
  148  8:27  Photon Cannon x2  
  148  8:33  Adept  
  148  8:34  Adept x2  
  154  8:36  Disruptor (Chrono Boost)  
  154  8:39  Disruptor (Chrono Boost)  
  160  8:42  Phoenix  
  161  9:08  Gateway  
  161  9:11  Gateway  
  161  9:12  Gateway  
  161  9:14  Assimilator  
  161  9:18  Assimilator  
  161  9:19  Disruptor x2 (Chrono Boost)  
  166  9:31  Adept x3  
  166  9:34  Pylon  
  166  9:36  Pylon  
  166  9:38  Photon Cannon  
  172  9:40  Photon Cannon, Nexus  
  172  9:42  Photon Cannon  
  172  9:43  Pylon  
  172  9:47  Anion Pulse-Crystals (Chrono Boost)  
  172  9:49  Warp Prism  
  172  9:50  Phoenix  
  172  10:09  Stalker x3  
  172  10:13  Photon Cannon  
  172  10:14  Photon Cannon  
  178  10:16  Photon Cannon, Protoss Ground Weapons Level 2 (Chrono Boost)  
  178  10:17  Dark Shrine, Protoss Ground Armor Level 2 (Chrono Boost)  
  178  10:22  Sentry  
  180  10:53  Disruptor  
  180  10:56  Stalker x4  
  188  10:57  Disruptor  
  194  11:19  Gateway  
  194  11:21  Gateway  
  194  11:23  Gateway  
  194  11:36  Stalker x3  
  192  11:59  Pylon  
  192  12:01  Pylon  
  192  12:02  Pylon  
  192  12:05  Templar Archives  
  180  12:28  Stalker x5  
  180  12:29  Stalker  
  175  12:32  Phoenix  
  175  12:36  Stargate  
  177  12:39  Stargate  
  177  12:59  Stalker x5  
Tags
 
Add a new tag
Caveats
  • Supply blocks, unpowered buildings, or Contaminate may cause inaccurate times.
  • Supply counts are checked every 10 seconds.